 Dungeon Crawl Stone Soup version 0.32-a0-841-g4648e6c457 (console) character file.

Game seed: 6079345822388118944

1408 petzl the Magician (level 9, -7/69 HPs)
             Began as a Formicid Delver on Mar 26, 2024.
             Mangled by an orc warrior
             ... wielding a +0 halberd
              (11 damage)
             ... in a bailey.
             The game lasted 00:32:03 (6270 turns).

petzl the Magician (Formicid Delver)                Turns: 6270, Time: 00:32:04

Health: -7/69      AC: 10    Str: 16    XL:     9   Next: 1%
Magic:  19/19      EV: 10    Int: 13    God:
Gold:   341        SH:  5    Dex: 15    Spells: 21/21 levels left

rFire   . . .        a - +2 flail
rCold   . . .        (no shield)
rNeg    . . .        h - +0 ring mail
rPois   .            (helmet unavailable)
rElec   .            (no cloak)
rCorr   .            (no gloves)
SInv    +            o - +0 pair of boots
Will    .....        n - amulet of reflection
Stlth   +++          e - ring of wizardry
HPRegen 0.31/turn    c - +4 ring of protection
MPRegen 0.16/turn

%: reflection, wizardry (x1)
@: brilliant, attractive
A: permanent stasis, dig shafts and tunnels, antennae 3, four strong arms, weak
1, MP-powered wands
a: Dig


You were in a bailey.
You visited 1 branch of the dungeon, and saw 10 of its levels.
You also visited: Bailey.

You collected 341 gold pieces.

Inventory:

Hand Weapons
 a - a +2 flail (weapon)
 b - a +1 sling
Missiles
 t - 2 javelins (quivered)
 B - 3 poisoned darts
Armour
 g - a +0 leather armour
 h - a +0 ring mail (worn)
 o - a +0 pair of boots (worn)
 u - the +0 scale mail "Leolyd" {rN++ Int-5 Dex+4 SInv}
   (You found it on level 2 of the Dungeon)

   Int-5:     It affects your intelligence (-5).
   Dex+4:     It affects your dexterity (+4).
   rN++:      It greatly protects you from negative energy.
   SInv:      It lets you see invisible.
Jewellery
 c - a +4 ring of protection (right hand)
 e - a ring of wizardry (left hand)
 f - a ring of fire
 k - an amulet of guardian spirit
 n - an amulet of reflection (around neck)
Scrolls
 m - a scroll of noise
 q - a scroll of fog
 r - a scroll of enchant weapon
 w - 3 scrolls of amnesia
 y - a scroll of enchant armour {unknown}
Potions
 d - a potion of ambrosia {unknown}
 j - a potion of curing {unknown}
 p - a potion of haste {unknown}
 z - a potion of lignification
 A - a potion of cancellation {unknown}
 C - a potion of degeneration {unknown}
 D - 2 potions of heal wounds


   Skills:
 - Level 6.0 Fighting
 - Level 2.0 Maces & Flails
 - Level 6.0 Ranged Weapons
 - Level 1.7 Dodging
 - Level 6.0 Stealth
 + Level 6.9 Spellcasting


You had 21 spell levels left.
You didn't know any spells.
Your spell library contained the following spells:

 Spells                   Type           Power      Damage    Failure   Level
 Ensorcelled Hibernation  Hex/Ice        12%        N/A       17%         2
 Passwall                 Erth           6%         N/A       32%         3
 Arcjolt                  Conj/Air       3%         1d13      96%         5
 Plasma Beam              Fire/Air       3%         2x1d13    100%        6
 Swiftness                Air            Unusable   N/A       N/A         3
 Vhi's Electric Charge    Tloc/Air       Unusable   N/A       N/A         4

Dungeon Overview and Level Annotations

Branches:
Dungeon (10/15)            Bailey (1/1)
 Temple: D:4-7         Lair: D:8-11         Orc: D:9-12

Altars:
Qazlal

Shops:
D:1 ![[(:

Annotations:
D:4 1 runed translucent door, Crazy Yiuf, Edmund
D:5 exclusions: downstairs and upstairs
D:6 Jeremiah


Innate Abilities, Weirdness & Mutations

You cannot be hasted, slowed, berserked, paralysed or teleported.
You can dig through walls and to a lower floor.
You have a pair of large antennae on your head. (SInv)
Your four strong arms can wield two-handed weapons with a shield.
You are weak. (Str -2)
You expend magic power (3 MP) to strengthen your wands.


Message History

The orc shouts!
You hear a shout! x2
Press: ? - help, v - describe, . - travel, g - get item Item here: an iridescent dire flail.
The floor.
Unknown command.
Unknown command.
It was a potion of attraction.
You feel attractive to monsters.
A centaur comes into view. It is wielding a +0 spear.
An orc warrior comes into view. It is wielding a +0 halberd.
The centaur moves out of view.
The orc warrior is attracted toward you. x4
It was a potion of brilliance.
You feel clever all of a sudden.
The centaur shouts!
The orc warrior shouts!
The centaur shouts!
The orc warrior hits you from afar with a +0 spear.
* * * LOW HITPOINT WARNING * * *
The centaur throws a javelin.
The javelin closely misses you.
The javelin closely misses the orc warrior.
The orc warrior hits you from afar with a +0 halberd.
* * * LOW HITPOINT WARNING * * *
The orc warrior is attracted toward you. x3
The orc is attracted toward you. The centaur is attracted toward you.
Unknown command.
Unknown command.
Okay, then.
Unknown command.
It was a potion of mutation.
You feel extremely strange.
You feel weaker.
You feel your magical essence link to the dungeon's wands.
The centaur hits your butterfly with a +0 trident!
Your butterfly dies!
Your butterfly disappears in a burst of colours!
The orc warrior hits you with a +0 halberd.
* * * LOW HITPOINT WARNING * * *
An orc comes into view. It is wielding a +0 spear.
You block the orc warrior's attack.
The orc warrior hits you but does no damage.
The orc warrior hits you with a +0 halberd!
You die... ############ ##bb≈≈bbbb≈≈b

##..b..b...b..
##b..bbb{(.....
#.bb.b{{b######
#....#####..... ..≈≈
#...##..))≈≈≈≈≈ .....≈.
#.b.#.⌠.≈≈≈...) ....⌠.≈≈.
#o..#..≈≈.)≈≈≈≈ §o.§....≈.
#.)⌠#.≈≈.≈≈≈... ≈≈≈≈§o..≈≈{
#..##.≈.≈≈..≈≈≈
~~~≈≈≈...#####..#.≈≈.≈.≈≈≈..
≈≈≈b≈≈≈.b....'..#.≈.≈≈.≈..⌠.
})~§≈≈≈..ob§.'..#.≈...)≈..∩∩
≈≈≈~b≈≈b.o.{.oo.#.≈.≈≈.≈..⌠.
~~~b≈≈o.b#####..#.≈≈.≈.≈≈≈..
≈≈≈≈.§o@≈bc≈≈#..##.≈.≈≈..≈≈≈
..§...ob≈.≈≈≈#o(⌠#.≈≈.≈≈≈...
.....⌠.≈≈.≈≈≈#{..#..≈≈..≈≈≈≈
.....§b≈.≈≈≈≈#.{.#.⌠.≈≈≈....
.....≈≈≈.≈≈≈≈#(..##..))≈≈≈≈≈
...≈≈≈..≈≈≈≈≈#....#####.....
≈≈≈≈§c≈≈≈≈≈≈≈#....., ######
.§.§≈≈≈≈≈≈≈≈###..... ##.....
#≈≈≈≈≈


You could see 5 orc warriors, 2 centaurs and 2 orcs.

Vanquished Creatures
  A hornet (D:4)
  A water moccasin (D:7)
  An ice beast (D:5)
  An orc warrior (Bailey)
  2 centaurs (Bailey)
  A kobold brigand (D:5)
  A scorpion (D:4)
  2 wights (D:7)
  An orc priest (D:5)
  2 bombardier beetles (D:4)
  A hound (D:4)
  A jelly (D:4)
  Jessica (D:2)
  2 iguanas (D:4)
  A sleepcap (D:5)
  Natasha (thrice) (D:2)
  3 adders
  5 gnolls
  3 dart slugs
  3 ribbon worms
  20 orcs
  6 endoplasms
  6 giant cockroaches
  5 goblins
  5 hobgoblins
  8 quokkas
  10 ball pythons
  A bat (D:3)
  4 frilled lizards
  5 kobolds
  8 rats
114 creatures vanquished.

Notes
Turn   | Place    | Note
-------+----------+-------------------------------------------
     0 | D:5      | petzl the Formicid Delver began the quest for the Orb.
     0 | D:5      | Reached XP level 1. HP: 18/18 MP: 1/1
    10 | D:6      | Noticed an ice beast
    11 | D:6      | Noticed a jelly
    80 | D:6      | Noticed Jeremiah
   157 | D:5      | Noticed a scorpion
   204 | D:4      | Noticed a scorpion
   219 | D:4      | Noticed a kobold brigand
   254 | D:4      | Noticed a hound
   365 | D:1      | Reached skill level 1 in Ranged Weapons
   365 | D:1      | Reached skill level 1 in Spellcasting
   365 | D:1      | Reached XP level 2. HP: 13/22 MP: 1/3
   463 | D:1      | Found Xopinaz's Armour Emporium.
   496 | D:1      | Found Winik's Weapon Boutique.
   679 | D:1      | Found Ablahess's Distillery.
   702 | D:1      | Found Qarol's Antique Armour Boutique.
   763 | D:1      | Reached XP level 3. HP: 29/29 MP: 3/5
  1064 | D:1      | Found Zuruickoe's Book Boutique.
  1178 | D:2      | Noticed Natasha
  1236 | D:2      | Killed Natasha
  1237 | D:2      | Reached XP level 4. HP: 28/37 MP: 4/7
  1283 | D:2      | Identified the +0 scale mail "Leolyd" {rN++ Int-5 Dex+4
                  | SInv}
  1300 | D:2      | Noticed Natasha
  1383 | D:2      | Noticed Jessica
  1396 | D:2      | Killed Jessica
  1418 | D:1      | Reached XP level 5. HP: 34/42 MP: 8/8
  1533 | D:2      | Killed Natasha
  1773 | D:2      | Noticed Natasha
  1785 | D:2      | Killed Natasha
  2142 | D:3      | Reached XP level 6. HP: 49/49 MP: 10/10
  2927 | D:4      | Noticed a hornet
  2943 | D:4      | Killed a hornet
  2944 | D:4      | Reached skill level 5 in Fighting
  2944 | D:4      | Reached XP level 7. HP: 47/56 MP: 10/12
  3057 | D:4      | Noticed Edmund
  3449 | D:5      | Found a stormy altar of Qazlal.
  3978 | D:4      | Reached XP level 8. HP: 35/64 MP: 14/14
  4286 | D:4      | Found a runed translucent door.
  4287 | D:4      | Noticed Crazy Yiuf
  4794 | D:5      | Reached skill level 5 in Ranged Weapons
  4794 | D:5      | Reached skill level 5 in Spellcasting
  4945 | D:5      | You fall into a shaft and drop 2 floors!
  5372 | D:7      | You fall into a shaft and drop 3 floors!
  5372 | D:10     | Entered Level 10 of the Dungeon
  5378 | D:10     | Noticed a gargoyle
  5379 | D:10     | Noticed a two-headed ogre
  5730 | D:10     | Found a flagged portal.
  5756 | Bailey   | Entered a bailey
  6056 | Bailey   | Reached XP level 9. HP: 30/69 MP: 17/19
  6270 | Bailey   | Gained mutation: You are weak. (Str -2) [potion of
                  | mutation]
  6270 | Bailey   | Gained mutation: You expend magic power (3 MP) to
                  | strengthen your wands. [potion of mutation]
  6270 | Bailey   | Mangled by an orc warrior

Illustrated notes

Levels and vault maps discovered:
D:1:      wander_arrival_fairy_ring, layout_loops_ring, serial_shops,
          nicolae_shop_tiny_waterfront, shop, shop,
          nicolae_shop_industrial_runoff, shop
D:2:      layout_rooms, uniq_natasha, uniq_jessica
D:3:      wander_river, layout_basic
D:4:      layout_gridville, st_stairs_6, uniq_crazy_yiuf_cottage, uniq_edmund
D:5:      layout_gridville, nicolae_qazlal_scattered_showers
D:6:      black_bear_nest_2, layout_basic, uniq_pikel, uniq_grinder,
          uniq_jeremiah
D:7:      layout_loops_ring, nicolae_ru_sacrificial_ziggurat,
          minmay_temple_entry_drinking_statues, water_boxes_lemuel,
          uniq_prince_ribbit1
D:8:      layout_cave_pods, uniq_erica
D:9:      layout_gridville, ebering_ghost_disaster_area, nicolae_neqoxec_dot_bat
D:10:     layout_roguey, grunt_temple_overflow_open,
          lightli_bailey_entry_fortress, uniq_sonja
Bailey:   bailey_polearm_flooded_kennysheep, bailey

Skill      XL: |  1  2  3  4  5  6  7  8 |
---------------+-------------------------+-----
Ranged Weapons | 1 2 3 4 6 |  6.0
Spellcasting   | 1 2 3 4 6 |  6.9
Fighting       | 4 5 6 |  6.0
Maces & Flails | |  2.0
Dodging        | |  1.7
Stealth        | |  6.0

Action                     |  1- 3 |  4- 6 |  7- 9 || total
---------------------------+-------+-------+-------++-------
  Melee: Mace              |    37 |    72 |    15 ||   124
         Flail             |       |       |   156 ||   156
   Fire: Sling             |    85 |    89 |   130 ||   304
  Throw: Dart              |       |     4 |    22 ||    26
         Javelin           |       |       |     4 ||     4
Ability: Dig               |     1 |       |       ||     1
         Shaft Self        |       |       |     2 ||     2
  Evoke: Wand              |     2 |       |     1 ||     3
    Use: Scroll            |     2 |     6 |     5 ||    13
         Potion            |       |       |     5 ||     5
   Stab: Sleeping          |       |     2 |     1 ||     3
 Armour: Ring mail         |    56 |    85 |   157 ||   298
         Leather armour    |     4 |       |       ||     4
         Skin              |       |       |    23 ||    23
  Dodge: Dodged            |    50 |    45 |   118 ||   213
  Block: Other             |       |     2 |    60 ||    62
         Reflection        |       |       |     1 ||     1

Table legend: (Time is in decaauts)
 A = Elapsed time spent in this place.
 B = Non-inter-level travel time spent in this place.
 C = Inter-level travel time spent in this place.
 D = Time resting spent in this place.
 E = Time spent auto-exploring this place.
 F = Levels seen in this place.
 G = Mean time per level.
                   A        B        C        D        E       F      G
               +--------+--------+--------+--------+--------+-----+--------+
         Total |   6428 |   6089 |    339 |   1239 |   2076 |  11 |  584.4 |
       Dungeon |   5900 |   5561 |    339 |   1000 |   2065 |  10 |  590.0 |
        Bailey |    527 |    527 |      0 |    239 |     11 |   1 |  527.0 |
               +--------+--------+--------+--------+--------+-----+--------+

Top non-repeatable levels by time:
     D:4: 1341 daAuts
     D:5: 1067 daAuts
     D:3: 1043 daAuts
     D:1: 954 daAuts
     D:2: 642 daAuts
  Bailey: 527 daAuts
     D:7: 437 daAuts
    D:10: 255 daAuts
     D:9: 117 daAuts
     D:6: 25 daAuts
     D:8: 15 daAuts
